 Dungeon Crawl Stone Soup version 0.15.1-3-g1b33baa (webtiles) character file.

87 Johnny the Chiller (level 4, -8/35 HPs)
             Began as a Demigod Ice Elementalist on Oct 3, 2014.
             Killed by nerve-wracking pain
             ... invoked by Grinder
              (10 damage)
             ... on Level 4 of the Dungeon.
             The game lasted 00:06:36 (1717 turns).

Johnny the Chiller (Demigod Ice Elementalist)       Turns: 1717, Time: 00:06:37

HP  -8/35        AC  5     Str 11      XL: 4   Next:  7%
MP  11/11        EV  9     Int 21      God:
Gold 73          SH  0     Dex 17      Spells:  2 memorised,  2 levels left

rFire  . . .     SeeInvis .     q - +4 dagger (speed)
rCold  . . .     Clarity  .     m - +0 ring mail
rNeg   . . .     rCorr    .     (no shield)
rPois  .         rRot     .     (no helmet)
rElec  .         Spirit   .     (no cloak)
SustAb .         Warding  .     (no gloves)
rMut   .         Stasis   .     (no boots)
Gourm  .                        (no amulet)
MR     .....                    (no ring)
                                (no ring)

@: very slightly contaminated, invisible, not resistant to hostile enchantments,
unstealthy
A: no striking features
a: no special abilities


You were on level 4 of the Dungeon.
You were not hungry.

You visited 1 branch of the dungeon, and saw 4 of its levels.

You collected 73 gold pieces.

Inventory:

Hand weapons
 q - a +4 dagger of speed (weapon)
Armour
 m - a +0 ring mail (worn)
Comestibles
 c - 3 bread rations
 f - 2 beef jerkies
 o - 3 fruits
Scrolls
 d - 2 scrolls of fog
 e - 2 scrolls of recharging
 g - a scroll of magic mapping
 l - 2 scrolls of amnesia
Potions
 i - a potion of curing {unknown}
 j - a potion of agility {unknown}
 p - a potion of magic {unknown}
Books
 b - a book of Frost

   Spells                             Type                      Level
   *Freeze                            Ice                          1
   Throw Frost                        Conjuration/Ice              2
   Ozocubu's Armour                   Charms/Ice                   3
   Throw Icicle                       Conjuration/Ice              4
   *Summon Ice Beast                  Ice/Summoning                4
   Condensation Shield                Ice                          4


   Skills:
 * Level 1.0 Fighting
 + Level 1.0 Armour
 + Level 2.0 Dodging
 + Level 2.3 Stealth
 * Level 2.4 Spellcasting
   Level 0.8 Conjurations
 * Level 0.0 Summonings
 * Level 3.3 Ice Magic


You had 2 spell levels left.
You knew the following spells:

 Your Spells              Type           Power        Failure   Level  Hunger
a - Freeze                Ice            ###.         10%         1    None
b - Summon Ice Beast      Ice/Summ       #.......     95%         4    ####...


Dungeon Overview and Level Annotations

Branches:
Dungeon (4/15)
 Temple: D:4-7

Annotations:
D:4 Grinder


Message History

As you read the scroll labeled JENAXK UWOE, it crumbles to dust.
The creatures around you are filled with an inner flame!
It was a scroll of immolation.
Grinder hits you.
* * * LOW HITPOINT WARNING * * *
You writhe in agony.
* * * LOW HITPOINT WARNING * * *
Drink which item? (? for menu, Esc to quit)
You fade into invisibility!
It was a potion of invisibility.
Grinder misses you.
You are very lightly contaminated with residual magic.
Grinder hits you.
* * * LOW HITPOINT WARNING * * *
You writhe in agony.
* * * LOW HITPOINT WARNING * * *
You slide downwards.
The hatch slams shut behind you.
Read which item? (? for menu, Esc to quit)
Okay, then.
Grinder gestures at you. Pain shoots through your body!
You die...

# #.
#.###
#...#
#@#
#.#
#5#
#.#
#.#
#.#
#.#
#.#
#.#


You could see Grinder (inner flame).

Vanquished Creatures
  2 adders (D:2)
  A giant mite (D:2)
  2 worms (D:2)
  A giant gecko (D:3)
  An ooze (D:2)
  3 orcs (D:3)
  A giant cockroach (D:2)
  5 goblins
  3 hobgoblins
  6 jackals
  5 kobolds
  A quokka (D:3)
  A ball python (D:2)
  9 bats
  4 rats
45 creatures vanquished.

Notes
Turn   | Place    | Note
--------------------------------------------------------------
     0 | D:1      | Johnny, the Demigod Ice Elementalist, began the quest for the Orb.
     0 | D:1      | Reached XP level 1. HP: 14/14 MP: 3/3
   323 | D:1      | Reached XP level 2. HP: 14/20 MP: 1/4
   324 | D:1      | Found a sparkling altar of Nemelex Xobeh.
   468 | D:1      | Reached skill level 3 in Ice Magic
   833 | D:2      | Reached XP level 3. HP: 11/27 MP: 8/8
   997 | D:3      | Noticed Grinder
  1283 | D:2      | Reached skill level 1 in Fighting
  1580 | D:3      | Reached skill level 1 in Armour
  1587 | D:3      | Reached XP level 4. HP: 32/35 MP: 11/11
  1599 | D:3      | Learned a level 4 spell: Summon Ice Beast
  1698 | D:3      | Paralysed by Grinder for 7 turns
  1717 | D:4      | Killed from afar by Grinder

Action                   |  1- 3 |  4- 6 || total
-------------------------+-------+-------++-------
Melee: Short sword       |    78 |       ||    78
       Dagger            |    23 |    21 ||    44
 Cast: Freeze            |    45 |     2 ||    47
  Use: Scroll            |     3 |     3 ||     6
       Potion            |       |     2 ||     2
 Stab: Sleeping          |     1 |       ||     1
  Eat: Chunk             |     2 |     1 ||     3
